AoeStats
← Elmatigol

Arabia

510573156Analyzed
2v2 RM · 8h ago on Oct 1, 2026· 33m 6s· 4 players
Game mode
Random Map
Map size
Medium (4 player)
Population
200
Speed
Normal
Resources
Standard
Victory
Conquest
Starting age
Dark Age
Ending age
Imperial Age
RankedLock teamsTeams togetherTeam positionsShared explorationLock speedFull tech treeHidden civsTurbo modeCheats
Victory
Defeat
🇩🇪 Maya · Germany
1043
+13
🇩🇪 Magyars · Germany
1024
+13
🇺🇾 Lithuanians · Uruguay
978
-13
🇺🇾 Vietnamese · Uruguay
962
-13
Elmatigol
6:45 Loom
9:21 Feudal Age
9:53 Double-Bit Axe
15:15 Fletching
23:51 Castle Age
23:25 Padded Archer Armor
25:13 Scale Mail Armor
25:18 Scale Barding Armor
24:57 Elite Skirmisher
26:01 Bloodlines
25:57 Gold Mining
28:43 Chain Barding Armor
29:49 Forging
33:21 Iron Casting
Pietroski
0:28 Loom
11:09 Feudal Age
12:29 Double-Bit Axe
12:31 Town Watch
14:17 Horse Collar
18:29 Fletching
29:31 Castle Age
27:46 Padded Archer Armor
30:04 Elite Skirmisher
commanderrob
6:59 Loom
9:41 Feudal Age
10:50 Double-Bit Axe
11:41 Horse Collar
14:01 Wheelbarrow
17:34 Scale Barding Armor
21:58 Bloodlines
24:52 Castle Age
23:12 Fletching
25:19 Gold Mining
26:15 Husbandry
27:43 Chain Barding Armor
28:50 Gold Shaft Mining
27:57 Elite Skirmisher
32:23 Bow Saw
33:08 Heavy Plow
Tomatenmark
0:31 Loom
9:42 Feudal Age
15:01 Double-Bit Axe
16:44 Fletching
22:24 Wheelbarrow
24:32 Castle Age
23:22 Padded Archer Armor
24:07 Wheelbarrow
24:39 Crossbowman
25:16 Bodkin Arrow
26:28 Bow Saw
26:11 Gold Mining
31:13 Padded Archer Armor
30:56 Horse Collar
Connection lost

Rejoining the realm…

Still unreachable

The connection could not be restored.

Session expired

The server has moved on; the page needs a fresh start.